 Dungeon Crawl Stone Soup version 0.21-a0-110-g8e1637b (webtiles) character file.

1262 Duffy the Chopper (level 8, -3/75 HPs)
             Began as a Naga Gladiator on July 10, 2017.
             Was a Believer of Okawaru.
             Slain by Joseph
             ... wielding a +0 quarterstaff
              (11 damage)
             ... on level 8 of the Dungeon.
             The game lasted 00:06:01 (7141 turns).

Duffy the Chopper (Naga Gladiator)                  Turns: 7141, Time: 00:06:01

Health: -3/75      AC: 13    Str: 18    XL:     8   Next: 52%
Magic:  8/9        EV:  8    Int:  9    God:    Okawaru [**....]
Gold:   339        SH: 14    Dex: 13    Spells: 7/7 levels left

rFire    + . .     SeeInvis +   x - +0 hand axe (venom)
rCold    + + .     Gourm    .   o - +0 large shield
rNeg     . . .     Faith    .   y - +2 scale mail {rC+}
rPois    +         Spirit   .   c - +1 helmet
rElec    .         Reflect  .   w - scarf {rC+ rF+}
rCorr    .         Harm     .   v - +0 pair of gloves
MR       +....                  (no barding)
Stlth    +.........             (no amulet)
HPRegen  0.22/turn              (no ring)
MPRegen  0.11/turn              (no ring)

@: heroism, very slow
A: see invisible, deformed body, poison resistance, slowness 2, slow metabolism
1, spit poison 1, AC +2
a: Spit Poison, Heroism, Renounce Religion


You were on level 8 of the Dungeon.
You worshipped Okawaru.
Okawaru was pleased with you.
You were hungry.

You visited 1 branch of the dungeon, and saw 8 of its levels.

You collected 339 gold pieces.

Inventory:

Hand Weapons
 a - a +1 war axe
 x - a +0 hand axe of venom (weapon)
Missiles
 d - 3 throwing nets (quivered)
Armour
 b - a +0 plate armour
 c - a +1 helmet (worn)
 o - a +0 large shield (worn)
 v - a +0 pair of gloves (worn)
 w - a scarf of resistance (worn)
 y - a +2 scale mail of cold resistance (worn)
Wands
 z - a wand of confusion (14/48)
Scrolls
 e - a scroll of enchant armour
 i - a scroll of recharging
 j - a scroll of immolation
 l - 3 scrolls of remove curse
 n - a scroll of magic mapping
 q - 3 scrolls of teleportation
 A - a scroll of blinking
Potions
 g - a potion of haste {unknown}
 h - 5 potions of curing
 k - 2 potions of might
 m - a potion of lignification
 t - a potion of agility {unknown}
Comestibles
 f - 4 bread rations
 p - a fruit
 r - 3 meat rations
 u - a royal jelly


   Skills:
 + Level 5.5(10.5) Fighting
 + Level 7.4(12.4) Axes
 - Level 1.7(6.7) Throwing
 + Level 3.5(8.5) Armour
 - Level 2.4(7.4) Dodging
 - Level 2.5 Invocations


You had 7 spell levels left.
You didn't know any spells.

Dungeon Overview and Level Annotations

Branches:
Dungeon (8/15)             Temple (0/1) D:4
   Lair: D:8-11

Altars:
Fedhas
Kikubaaqudgha
Okawaru
Ru

Annotations:
D:8 Joseph


Innate Abilities, Weirdness & Mutations

You cannot wear boots.
Your serpentine skin is tough. (AC +2)
You have supernaturally acute eyesight. (SInv)
Armour fits poorly on your strangely shaped body.
Your system is resistant to poisons. (rPois)
You cover ground very slowly.
You have a slow metabolism.
You can spit poison.


Message History

You block the orc's attack. Joseph hits you but does no damage.
You block the orc warrior's attack. You block the orc's attack.
There is a stone staircase leading down here.
You block Joseph's attack. You block the orc warrior's attack.
The orc hits you but does no damage.
You climb downwards.
There is a stone staircase leading up here.
You closely miss the orc warrior.
The orc warrior is lightly wounded.
You hit Joseph.
Joseph looks as sick as possible!
Joseph barely misses you.
You hit the orc warrior.
The orc warrior looks even sicker.
The orc warrior is moderately wounded.
You hit Joseph but do no damage.
Joseph looks as sick as possible!
You block the orc warrior's attack.
You hit Joseph.
Joseph looks as sick as possible!
Joseph is severely wounded.
You hit the orc warrior but do no damage.
The orc warrior looks as sick as possible!
Joseph hits you with an uncursed quarterstaff!
You die...

+# ...
....
####.....
#.@....#
#@.....+
#o.....#
####.###
#


You could see Joseph and an orc warrior.

Vanquished Creatures
  An orc warrior (D:6)
  2 ogres
  A centaur (D:7)
  3 howler monkeys (D:7)
  A centaur zombie (D:5)
  2 jellies (D:5)
  A hound (D:5)
  4 orc priests
  A quasit (D:5)
  2 orc wizards
  Jessica (D:3)
  A centaur skeleton (D:7)
  An iguana (D:7)
  3 worker ants
  A hound zombie (D:7)
  7 gnolls
  11 adders
  3 oozes
  An adder skeleton (D:5)
  A worm (D:2)
  A dart slug (D:3)
  3 leopard geckos
  18 orcs
  A ball python (D:2)
  2 giant cockroaches (D:1)
  13 goblins
  10 hobgoblins
  12 jackals
  7 kobolds
  3 quokkas
  6 bats
  6 frilled lizards
  A leopard gecko skeleton (D:6)
  7 rats
138 creatures vanquished.

Notes
Turn   | Place    | Note
-------+----------+-------------------------------------------
     0 | D:1      | Duffy the Naga Gladiator began the quest for the Orb.
     0 | D:1      | Reached XP level 1. HP: 19/19 MP: 1/1
   339 | D:1      | Reached XP level 2. HP: 25/26 MP: 2/2
   447 | D:1      | Reached skill level 4 in Axes
   558 | D:1      | Reached XP level 3. HP: 29/32 MP: 3/3
  1614 | D:2      | Reached XP level 4. HP: 40/40 MP: 4/4
  1899 | D:2      | Found an iron altar of Okawaru.
  1907 | D:2      | Became a worshipper of Warmaster Okawaru
  2340 | D:2      | Reached skill level 5 in Axes
  2340 | D:2      | Reached XP level 5. HP: 34/49 MP: 5/5
  3074 | D:3      | Noticed Jessica
  3078 | D:3      | Killed Jessica
  3155 | D:3      | Found an ancient bone altar of Kikubaaqudgha.
  3156 | D:3      | Found a blossoming altar of Fedhas.
  3203 | D:3      | Reached XP level 6. HP: 50/56 MP: 6/6
  3533 | D:3      | Reached skill level 1 in Armour
  4159 | D:4      | Reached skill level 6 in Axes
  4166 | D:4      | Reached * piety under Okawaru
  4210 | D:4      | Found a staircase to the Ecumenical Temple.
  4239 | D:5      | Entered Level 5 of the Dungeon
  4271 | D:5      | Reached skill level 1 in Invocations
  4318 | D:5      | Reached XP level 7. HP: 53/63 MP: 6/8
  6285 | D:7      | Reached XP level 8. HP: 73/73 MP: 6/9
  6286 | D:7      | Reached skill level 5 in Fighting
  6318 | D:7      | Found a sacrificial altar of Ru.
  6336 | D:7      | Reached skill level 7 in Axes
  6612 | D:7      | Reached ** piety under Okawaru
  7118 | D:7      | Noticed Joseph
  7141 | D:8      | Slain by Joseph

Vault maps used:
D:1:      minmay_arrival_split_and_join, minmay_misc_feat_doors
D:2:      wad_pebble_path, minmay_misc_feat_iff, okawaru_trees_1
D:3:      cheibrodos_greedy_goblins, grunt_temple_overflow_growth_and_decay,
          minmay_fountain_box, uniq_jessica
D:4:      lemuel_castle_with_subvaults, lemuel_round_altar, lemuel_round_altar,
          temple_doors_e, uniq_blork_the_orc
D:5:      first_bread
D:7:      nicolae_ru_awakened_eye, lemuel_round_altar, uniq_joseph

Skill      XL: |  1  2  3  4  5  6  7  8 |
---------------+-------------------------+-----
Axes           | 4 5 6 7 |  7.4
Fighting       | 3 4 5 |  5.5
Armour         | 1 2 3 |  3.5
Invocations    | 2 |  2.5
Throwing       | |  1.7
Dodging        | |  2.4

Action                   |  1- 3 |  4- 6 |  7- 9 || total
-------------------------+-------+-------+-------++-------
Melee: War axe           |   102 |   217 |   119 ||   438
       Hand axe          |       |       |    19 ||    19
Invok: Heroism           |       |       |     4 ||     4
 Abil: Spit Poison       |       |     1 |     1 ||     2
  Use: Scroll            |     1 |    10 |     3 ||    14
       Potion            |       |       |     2 ||     2
  Eat: Chunk             |     1 |     7 |     7 ||    15
Armor: Leather armour    |    39 |     8 |       ||    47
       Ring mail         |       |    10 |       ||    10
       Plate armour      |       |   159 |    30 ||   189
       Skin              |       |       |     4 ||     4
       Scale mail        |       |       |    35 ||    35
Dodge: Dodged            |    78 |    38 |    14 ||   130
Block: Large shield      |       |   100 |   101 ||   201
